 Dungeon Crawl Stone Soup version 0.24.0-125-gc4c63601f3 (webtiles) character file.

Game seed: 6091597866112935742, levelgen mode: deterministic

6148 Mrkan the Blocker (level 10, -20/93 HPs)
             Began as a Troll Fighter on Feb 26, 2020.
             Was an Elder of Hepliaklqana.
             Killed from afar by Azrael (45 damage)
             ... with a bolt of fire
             ... on level 2 of the Orcish Mines.
             The game lasted 00:18:37 (8200 turns).

Mrkan the Blocker (Troll Fighter)                   Turns: 8200, Time: 00:18:40

Health: -20/93     AC:  6    Str: 29    XL:     10   Next: 59%
Magic:  9/9        EV: 10    Int:  4    God:    Hepliaklqana [****..]
Gold:   746        SH: 12    Dex:  9    Spells: 9/9 levels left

rFire    . . .     SeeInvis .     - Unarmed
rCold    . . .     Gourm    +   b - +1 shield
rNeg     . . .     Faith    .   a - +0 robe
rPois    .         Spirit   .   (helmet restricted)
rElec    .         Reflect  .   (no cloak)
rCorr    .         Harm     .   (gloves unavailable)
MR       +....                  (boots unavailable)
Stlth    +.........             (no amulet)
HPRegen  0.65/turn              u - ring of protection from magic
MPRegen  0.11/turn              (no ring)

@: about to teleport
A: large, unfitting armour, reduced essence, claws 3, fast metabolism 3,
gourmand, regeneration 1, shaggy fur 1, tough skin 3
a: Recall Ancestor, Ancestor Identity, Transference, Idealise, Renounce Religion


You were on level 2 of the Orcish Mines.
You worshipped Hepliaklqana.
Hepliaklqana was greatly pleased with you.
You were very full.

You visited 3 branches of the dungeon, and saw 12 of its levels.

You collected 858 gold pieces.
You spent 112 gold pieces at shops.

Inventory:

Missiles
 E - 3 large rocks (quivered)
Armour
 a - a +0 robe (worn)
 b - a +1 shield (worn)
Jewellery
 u - a ring of protection from magic (left claw)
Wands
 D - a wand of enslavement (3)
Scrolls
 e - 3 scrolls of magic mapping
 f - a scroll of enchant weapon
 g - a scroll of identify
 h - 4 scrolls of teleportation
 k - 2 scrolls of amnesia
 m - 7 scrolls of remove curse
 r - 3 scrolls of enchant armour
 v - a scroll of noise
Potions
 c - 3 potions of might
 j - a potion of resistance
 n - 3 potions of cancellation
 o - 2 potions of mutation
 p - 3 potions of curing
 q - a potion of ambrosia
 t - 2 potions of agility
 w - 2 potions of haste
 x - a potion of degeneration
 z - a potion of brilliance
 A - a potion of berserk rage
 B - 2 potions of invisibility
 C - a potion of flight
Comestibles
 d - 21 rations


   Skills:
 + Level 8.0 Fighting
 * Level 2.9 Throwing
 - Level 2.4 Dodging
 - Level 9.0 Shields
 - Level 8.2 Unarmed Combat


You had 9 spell levels left.
You didn't know any spells.
Your spell library was empty.

Dungeon Overview and Level Annotations

Branches:
Dungeon (9/15)             Temple (1/1) D:4             Orc (2/2) D:9
    Elf (0/3) Orc:2
   Lair: D:8-11

Altars:
Ashenzari
Cheibriados
Dithmenos
Elyvilon
Fedhas
Gozag
Hepliaklqana
Kikubaaqudgha
Makhleb
Nemelex Xobeh
Okawaru
Qazlal
Ru
Sif Muna
Trog
Uskayaw
Vehumet
Wu Jian
Xom
Yredelemnul
Zin
The Shining One

Shops:
D:5 !   D:9 [   Orc:1 }

Annotations:
D:3 3 runed translucent doors, Xerdoz's ghost, amateur DrFE
D:5 3 runed translucent doors, Xerdoz's ghost, novice DrFE
Orc:2 Azrael


Innate Abilities, Weirdness & Mutations

You are too large for most types of armour.
You have claws for hands.
Your metabolism is lightning-fast.
You like to eat raw meat.
Your natural rate of healing is unusually fast.
You are covered in fur. (AC +1)
You have extremely tough skin. (AC +3)
Your life essence is reduced to manifest your ancestor. (-10% HP)


Message History

The bolt of fire hits you!! The hell hound closely misses you.
The hell hound breathes flames at you. The blast of flame misses you.
The hell hound breathes flames at you.
The blast of flame hits the hell hound.
The hell hound completely resists.
The blast of flame hits you!
* * * LOW HITPOINT WARNING * * *
The hell hound closely misses you.
As you read the scroll of teleportation, it crumbles to dust.
You feel strangely unstable. You block the hell hound's attack.
The hell hound breathes flames at you. The blast of flame hits you!
* * * LOW HITPOINT WARNING * * *
You feel much better. The hell hound bites you. x2
* * * LOW HITPOINT WARNING * * *
You block the hell hound's attack. Azrael gestures at you.
The bolt of fire hits the hell hound.
The hell hound completely resists.
The bolt of fire hits you!!!
You die...

#○E........,,,,,,,,,
#.○........,,,,,,,,,
#..E.......,,,,,,,,,
#.°..#.....,,,,,,,,,
##.○.......,,,,,,,,,
#..R.##....,,,,,,,,,
#..........,,,,,,,,,
##hhh......,,,,,,,,,
##.@.......,,,,,,,,,
#..........,,,,,,,,,
#..........,,,,,,,*,
##.........,,,,,,,*,
##.........,,,,,,,,,
#..........,,,,,,,,,
##.........,,*,,,,,,
#..................,
##...........#......


You could see Azrael, a fire elemental and 3 hell hounds.

Vanquished Creatures
  An orc sorcerer (Orc:1)
  A cyclops (D:9)
  A troll (D:9)
  A hippogriff (D:7)
  Prince Ribbit (D:5)
  5 yaks (D:9)
  Menkaure (D:5)
  6 orc warriors
  A phantom (D:4)
  5 ogres
  4 centaurs
  A crocodile (D:2)
  A gnoll sergeant (D:8)
  3 bullfrogs
  2 scorpions
  2 howler monkeys (D:7)
  3 crimson imps
  4 orc priests
  5 hounds
  A jelly (D:8)
  2 bullfrog skeletons
  2 iguanas
  9 orc wizards
  3 worker ants
  14 gnolls
  9 adders
  7 oozes
  An adder zombie (D:8)
  An adder skeleton (D:5)
  2 dart slugs (D:1)
  7 leopard geckos
  30 orcs
  4 bats (D:3)
  A giant cockroach (D:2)
  3 goblins
  4 hobgoblins
  8 jackals
  A quokka (D:6)
  A ball python (D:3)
  3 frilled lizards
  4 kobolds
  2 quokka skeletons
  8 rats
175 creatures vanquished.

Vanquished Creatures (collateral kills)
  Joseph (D:7)
  A yak (D:9)
  A centaur (D:9)
  A big kobold (D:9)
  A howler monkey (D:7)
  A crimson imp (D:9)
  2 jellies (D:8)
  A centaur skeleton (D:5)
  2 orc wizards
  2 gnolls
  An adder (D:6)
  10 orcs
  A goblin (D:9)
25 creatures vanquished.

Vanquished Creatures (others)
  2 hexers
2 creatures vanquished.

Grand Total: 202 creatures vanquished

Notes
Turn   | Place    | Note
-------+----------+-------------------------------------------
     0 | D:1      | Mrkan the Troll Fighter began the quest for the Orb.
     0 | D:1      | Reached XP level 1. HP: 22/22 MP: 0/0
    83 | D:1      | Reached XP level 2. HP: 29/29 MP: 1/1
   670 | D:1      | Reached XP level 3. HP: 36/36 MP: 2/2
  1090 | D:2      | Reached XP level 4. HP: 23/45 MP: 3/3
  1317 | D:2      | Noticed a crocodile
  1329 | D:2      | Killed a crocodile
  1329 | D:2      | Reached XP level 5. HP: 30/53 MP: 4/4
  1489 | D:3      | Reached skill level 5 in Unarmed Combat
  1712 | D:3      | Reached XP level 6. HP: 60/62 MP: 5/5
  1832 | D:3      | Found a runed translucent gate.
  1832 | D:3      | Found a runed translucent gate.
  1833 | D:3      | Found a runed translucent gate.
  1835 | D:3      | Noticed Xerdoz's ghost (amateur DrFE)
  2349 | D:4      | Found a staircase to the Ecumenical Temple.
  2481 | D:4      | Reached XP level 7. HP: 33/70 MP: 6/6
  2585 | Temple   | Entered the Ecumenical Temple
  2790 | Temple   | Became a worshipper of Hepliaklqana the Forgotten
  3091 | D:5      | Entered Level 5 of the Dungeon
  3216 | D:5      | Noticed Xerdoz's ghost (novice DrFE)
  3220 | D:5      | Found a runed translucent gate.
  3220 | D:5      | Found a runed translucent gate.
  3220 | D:5      | Found a runed translucent gate.
  3374 | D:5      | Reached * piety under Hepliaklqana
  3386 | D:5      | Noticed Prince Ribbit
  3403 | D:5      | Killed Prince Ribbit
  3403 | D:5      | Reached skill level 5 in Fighting
  3403 | D:5      | Reached skill level 3 in Shields
  3484 | D:5      | Reached XP level 8. HP: 65/72 MP: 7/7
  3643 | D:5      | Noticed Menkaure
  3650 | D:5      | Killed Menkaure
  3650 | D:5      | Reached skill level 4 in Shields
  3673 | D:5      | Found a shadowy altar of Dithmenos.
  3820 | D:5      | Found Olyw's Distillery.
  3825 | D:5      | Bought a potion of curing for 42 gold pieces
  3825 | D:5      | Bought a potion of heal wounds for 70 gold pieces
  4245 | D:6      | Reached ** piety under Hepliaklqana
  4249 | D:6      | Remembered your ancestor Tepiltzin as a hexer
  4767 | D:7      | Reached skill level 5 in Shields
  4783 | D:7      | Noticed a hippogriff
  4793 | D:7      | Killed a hippogriff
  4808 | D:7      | Reached skill level 6 in Shields
  4942 | D:7      | Reached XP level 9. HP: 75/80 MP: 8/8
  5201 | D:7      | Noticed Joseph
  5211 | D:7      | Killed Joseph
  5372 | D:8      | Reached *** piety under Hepliaklqana
  5459 | D:8      | Reached skill level 7 in Shields
  5520 | D:8      | Found a bloodstained altar of Trog.
  5938 | D:9      | Found a sparkling altar of Nemelex Xobeh.
  5939 | D:9      | Found a sacrificial altar of Ru.
  6016 | D:9      | Noticed a troll
  6040 | D:9      | Killed a troll
  6040 | D:9      | Reached skill level 8 in Shields
  6072 | D:9      | Found a staircase to the Orcish Mines.
  6245 | D:9      | Reached XP level 10. HP: 91/91 MP: 9/9
  6272 | D:9      | Found Ahippoug's Armour Shoppe.
  6323 | D:9      | Found an opulent altar of Gozag.
  6452 | D:9      | Reached **** piety under Hepliaklqana
  6463 | D:9      | Found an iron altar of Okawaru.
  6990 | Orc:1    | Entered Level 1 of the Orcish Mines
  6990 | Orc:1    | Noticed a cyclops
  7309 | D:9      | Killed a cyclops
  7436 | Orc:1    | Noticed an orc sorcerer
  7438 | Orc:1    | Noticed a smoke demon
  7496 | D:8      | HP: 4/93 [orc warrior/cursed -2 hand axe (9)]
  7635 | D:9      | Reached skill level 1 in Throwing
  7635 | D:9      | Reached skill level 9 in Shields
  7820 | Orc:1    | Noticed a smoke demon
  7826 | Orc:1    | Killed an orc sorcerer
  7985 | Orc:2    | Entered Level 2 of the Orcish Mines
  8051 | Orc:1    | Found Plog's Gadget Shoppe.
  8186 | Orc:2    | Noticed Azrael
  8199 | Orc:2    | HP: 4/93 [hell hound/blast of flame[Azrael] (17)]
  8200 | Orc:2    | Killed from afar by Azrael

Levels and vault maps discovered:
D:1:      dpeg_arrival_fog, layout_basic
D:2:      layout_rooms
D:3:      layout_basic, gammafunk_ghost_necromancy, cheibrodos_gnoll_hut
D:4:      layout_basic, minmay_temple_entry_enclosed_plants,
          grunt_decor_one_mirror, chequers_serial_rivers_micro_a,
          kennysheep_generic_room_16
D:5:      layout_gridville, lemuel_coloured_pillars_altar, first_ration,
          serial_shops, kennysheep_little_box, gammafunk_ghost_split,
          kennysheep_generic_room_3, uniq_prince_ribbit1, uniq_menkaure
D:6:      layout_basic
D:7:      layout_basic, uniq_joseph
D:8:      layout_basic, lightli_temple_of_fire, hangedman_little_slice_of_home
D:9:      layout_big_octagon, grunt_gozag_statues,
          chequers_temple_overflow_statue_of_worship,
          kennysheep_okawaru_gauntlet, orc_david_3,
          minmay_fractal_squares_diagonal_5
Temple:   compressed_dpeg_circular_temple
Orc:1:    layout_caves, serial_shops, nicolae_shop_statue_plus
Orc:2:    st_orc_town, layout_caves, basic_altar, serial_shops, shop,
          guppyfry_library_mini, uniq_azrael, uniq_rupert, uniq_jorgrun

Skill      XL: |  1  2  3  4  5  6  7  8  9 10 |
---------------+-------------------------------+-----
Unarmed Combat | 3 4 5 6 7 8 |  8.2
Fighting       | 3 4 5 6 7 8 |  8.0
Shields        | 3 6 8 9 |  9.0
Throwing       | 2 |  2.9
Dodging        | |  2.4

Action                   |  1- 3 |  4- 6 |  7- 9 | 10-12 || total
-------------------------+-------+-------+-------+-------++-------
Melee: Unarmed           |    75 |   153 |   227 |    98 ||   553
Invok: Ancestor Life: He |       |       |     1 |       ||     1
       Ancestor Identity |       |       |     1 |       ||     1
  Use: Potion            |       |       |     3 |     2 ||     5
       Scroll            |       |       |       |    19 ||    19
 Stab: Distracted        |     1 |       |       |     1 ||     2
       Confused          |       |       |     3 |       ||     3
  Eat: Chunk             |     3 |    13 |    40 |    17 ||    73
       Ration            |     1 |     1 |       |       ||     2
Armor: Robe              |    23 |    52 |    52 |    27 ||   154
Dodge: Dodged            |    26 |    42 |    66 |    50 ||   184
Block: Shield            |    28 |    78 |   137 |    91 ||   334
